 Dungeon Crawl Stone Soup version 0.26-a0-1126-g3318b609a0 (webtiles) character file.

Game seed: 5064574057721633529

819 vvl the Grappler (level 7, 0/67 HPs)
             Began as a Troll Monk on Dec 17, 2020.
             Slain by a killer bee zombie (8 damage)
             ... on level 6 of the Dungeon.
             The game lasted 00:09:41 (2680 turns).

vvl the Grappler (Troll Monk)                       Turns: 2680, Time: 00:09:41

Health: 0/67       AC:  6    Str: 20 (22) XL:     7   Next: 63%
Magic:  6/6        EV: 11    Int:  5 (6)  God:
Gold:   235        SH:  0    Dex: 11 (12) Spells: 6/6 levels left

rFire    . . .     SeeInvis .     - Unarmed
rCold    . . .     Faith    .   (no shield)
rNeg     . . .     Spirit   .   a - +0 robe
rPois    .         Reflect  .   (helmet restricted)
rElec    .         Harm     .   (no cloak)
rCorr    .         Rampage  .   (gloves unavailable)
Will     .....                  (boots unavailable)
Stlth    +.........             (no amulet)
HPRegen  0.61/turn              (no ring)
MPRegen  0.10/turn              (no ring)

@: confused, brilliant
A: large, unfitting armour, claws 3, regeneration 1, shaggy fur 1, tough skin 3
a: no special abilities


You were on level 6 of the Dungeon.
You visited 1 branch of the dungeon, and saw 6 of its levels.

You collected 235 gold pieces.

Inventory:

Hand Weapons
 p - the +5 quarterstaff of the Old World {vorpal, Will+, unknown}
   (You found it on level 4 of the Dungeon)

   It inflicts extra damage upon your enemies.
   It affects your willpower, your defense against some magical effects.
Armour
 a - a +0 robe (worn)
Jewellery
 c - an uncursed ring of protection from fire {unknown}
 j - a +6 ring of dexterity {unknown}
 o - an uncursed ring of magical power {unknown}
 r - a +6 ring of dexterity {unknown}
Scrolls
 d - 3 scrolls of amnesia {unknown}
 e - 4 scrolls of identify {unknown}
 f - a scroll of immolation {unknown}
 k - 4 scrolls of teleportation {unknown}
 m - 2 scrolls of blinking {unknown}
Potions
 b - a potion of heal wounds {unknown}
 g - 2 potions of flight
 h - a potion of berserk rage {unknown}
 i - a potion of curing {unknown}
 n - a potion of brilliance
 q - a potion of might {unknown}


   Skills:
 + Level 3.4 Fighting
 + Level 3.5 Dodging
 - Level 1.0 Stealth
 * Level 8.0 Unarmed Combat


You had 6 spell levels left.
You didn't know any spells.
Your spell library contained the following spells:

 Spells                   Type           Power        Failure   Level
 Shock                    Conj/Air       0%           47%         1
 Summon Small Mammal      Summ           0%           47%         1
 Call Imp                 Summ           0%           63%         2
 Swiftness                Air            0%           63%         2
 Call Canine Familiar     Summ           0%           85%         3
 Static Discharge         Conj/Air       0%           85%         3
 Summon Guardian Golem    Hex/Summ       0%           85%         3
 Airstrike                Air            0%           99%         4
 Summon Ice Beast         Ice/Summ       0%           99%         4
 Summon Lightning Spire   Summ/Air       0%           99%         4
 Lightning Bolt           Conj/Air       0%           100%        5


Dungeon Overview and Level Annotations

Branches:
Dungeon (7/15)
 Temple: D:4-7

Altars:
Trog

Annotations:
D:6 3 runed translucent doors, vvl's ghost, novice TrMo


Innate Abilities, Weirdness & Mutations

You are too large for most types of armour.
You have claws for hands.
Your natural rate of healing is unusually fast.
You are covered in fur. (AC +1)
You have extremely tough skin. (AC +3)


Message History

You mangle the orc!!
You kill the orc!
The orc closely misses you.
Things that are here:
a +0 trident; a +0 leather armour An orc priest comes into view.
It is wielding a +0 club.
An orc wizard comes into view. It is wielding a +0 dagger.
The orc barely misses you.
The orc priest shouts!
The orc wizard gestures at you while chanting.
You are confused.
The orc priest looks braver for a moment.
The killer bee zombie barely misses you. x2
The orc priest invokes the aid of Beogh against you.
Beogh smites you!
* * * LOW HITPOINT WARNING * * *
You claw the orc!
You kill the orc!
The killer bee zombie hits you!
You die...

#.# ######### ###. #.#
#...Z.... ... #.#
#.######. #.. #.# #.# #.
# #.. #.# #.# #Z ##.##..
#.# #.# #.
.......##.#######.# ##
##......@.o..).().#
........)Zo.#######
######....o..########
#..............(.Z..#
#..............####.#####
#..# #.###.......##.#
#..{.o. #..
###.###.......##.#
#..####
#..##..?.##...#.#.##.#
#..#
#......Z.o........##.#
#..#


You could see 2 orc priests, an orc wizard and a killer bee zombie.

Vanquished Creatures
  An orc warrior (D:6)
  A phantom (D:4)
  An ogre (D:4)
  2 bullfrogs (D:7)
  2 scorpions
  An orc priest (D:4)
  An iguana (D:4)
  A worker ant (D:4)
  2 orc wizards
  5 adders
  7 gnolls
  A shadow imp (D:6)
  2 oozes
  An adder zombie (D:6)
  A dart slug (D:2)
  11 orcs
  5 bats
  A giant cockroach (D:2)
  6 goblins
  5 hobgoblins
  3 jackals
  5 kobolds
  A quokka (D:3)
  5 frilled lizards
  2 leopard gecko skeletons
  4 rats
77 creatures vanquished.

Vanquished Creatures (others)
  11 toadstools (D:4)
11 creatures vanquished.

Grand Total: 88 creatures vanquished

Notes
Turn   | Place    | Note
-------+----------+-------------------------------------------
     0 | D:1      | vvl the Troll Monk began the quest for the Orb.
     0 | D:1      | Reached XP level 1. HP: 22/22 MP: 0/0
     2 | D:1      | Noticed a formicid
     4 | D:1      | Noticed an octopode
     4 | D:1      | Noticed a naga
     6 | D:1      | Noticed a draconian
     8 | D:1      | Noticed a dwarf
    10 | D:1      | Noticed a gargoyle
    10 | D:1      | Noticed a halfling
    13 | D:1      | Noticed a centaur
    13 | D:1      | Noticed a troll
    15 | D:1      | Noticed an ogre
    15 | D:1      | Noticed an elf
    17 | D:1      | Noticed a vampire
    19 | D:1      | Noticed a minotaur
    19 | D:1      | Noticed a demonspawn
    21 | D:1      | Noticed a merfolk
    21 | D:1      | Noticed a demigod
    23 | D:1      | Noticed a vine stalker
    23 | D:1      | Noticed a tengu
    25 | D:1      | Noticed a spriggan
    25 | D:1      | Noticed a ghoul
    27 | D:1      | Noticed a human
    27 | D:1      | Noticed a felid
   236 | D:1      | Reached XP level 2. HP: 26/29 MP: 1/1
   678 | D:2      | Reached XP level 3. HP: 5/36 MP: 2/2
   879 | D:2      | Reached skill level 4 in Unarmed Combat
  1035 | D:2      | Reached XP level 4. HP: 44/44 MP: 3/3
  1600 | D:3      | Reached XP level 5. HP: 45/53 MP: 4/4
  1670 | D:3      | Found a bloodstained altar of Trog.
  1681 | D:3      | Reached skill level 5 in Unarmed Combat
  1970 | D:4      | Noticed an ogre
  1974 | D:4      | Killed an ogre
  1975 | D:4      | Reached XP level 6. HP: 61/61 MP: 5/5
  2007 | D:4      | Reached skill level 6 in Unarmed Combat
  2194 | D:4      | Reached skill level 7 in Unarmed Combat
  2194 | D:4      | Reached XP level 7. HP: 55/67 MP: 6/6
  2275 | D:4      | Got a steaming quarterstaff
  2391 | D:4      | You fall into a shaft and drop 3 floors!
  2391 | D:7      | Noticed a yak
  2391 | D:7      | Noticed a yak
  2391 | D:7      | Noticed a yak
  2392 | D:7      | Noticed a yak
  2420 | D:7      | Noticed a yak
  2585 | D:6      | Found a runed translucent gate.
  2586 | D:6      | Found a runed translucent gate.
  2586 | D:6      | Found a runed translucent gate.
  2586 | D:6      | Noticed vvl's ghost (novice TrMo)
  2586 | D:6      | Identified the +0 short sword "Juces" {elec, *Slow +Blink
                  | +Rage rF++}
  2587 | D:6      | Noticed a kobold demonologist
  2651 | D:6      | Reached skill level 8 in Unarmed Combat
  2680 | D:6      | Slain by a killer bee zombie

Illustrated notes

Levels and vault maps discovered:
D:1:      kb_arrival_jail, layout_basic, interstate_on_off
D:2:      layout_loops_ring
D:3:      layout_rooms, nicolae_overflow_crystal_walls, minmay_circle_x
D:4:      cheibrodos_fertilizer, layout_loops_ring
D:6:      layout_loops_ring, gammafunk_ghost_nasty_kobolds
D:7:      layout_basic, grunt_gozag_statues, temple_hall, hangedman_misty_isle

Skill      XL: |  1  2  3  4  5  6  7 |
---------------+----------------------+-----
Unarmed Combat | 4 5 7 8 |  8.0
Dodging        | 3 |  3.5
Fighting       | 3 |  3.4
Stealth        | |  1.0

Action                   |  1- 3 |  4- 6 |  7- 9 || total
-------------------------+-------+-------+-------++-------
Melee: Unarmed           |    68 |    96 |    60 ||   224
       Punch             |     2 |     3 |     1 ||     6
  Use: Potion            |       |     1 |     2 ||     3
 Stab: Sleeping          |     1 |     1 |     2 ||     4
Armor: Robe              |    19 |    24 |    35 ||    78
Dodge: Dodged            |    29 |    36 |    62 ||   127

Table legend: (Time is in decaauts)
 A = Elapsed time spent in this place.
 B = Non-inter-level travel time spent in this place.
 C = Inter-level travel time spent in this place.
 D = Time resting spent in this place.
 E = Time spent auto-exploring this place.
 F = Levels seen in this place.
 G = Mean time per level.
                   A        B        C        D        E       F      G
               +--------+--------+--------+--------+--------+-----+--------+
         Total |   2658 |   2542 |    116 |    153 |   1747 |   6 |  443.0 |
       Dungeon |   2658 |   2542 |    116 |    153 |   1747 |   6 |  443.0 |
               +--------+--------+--------+--------+--------+-----+--------+

Top non-repeatable levels by time:
     D:1: 715 daAuts
     D:2: 642 daAuts
     D:3: 561 daAuts
     D:4: 458 daAuts
     D:6: 171 daAuts
     D:7: 109 daAuts
